 Dungeon Crawl Stone Soup version 0.28.0 (webtiles) character file.

Game seed: 903988718198656401

10712 HallandMoats the Fighter (level 11, -18/97 HPs)
             Began as a Ghoul Monk on Feb 6, 2022.
             Was a High Priest of Qazlal.
             Demolished by an orc warlord (36 damage)
             ... in a bailey on Feb 7, 2022.
             The game lasted 00:17:42 (10078 turns).

HallandMoats the Fighter (Ghoul Monk)              Turns: 10078, Time: 00:17:42

Health: -18/97     AC: 24    Str: 18    XL:     11   Next: 66%
Magic:  8/16       EV: 14    Int:  5    God:    Qazlal [*****.]
Gold:   480        SH: 12    Dex: 13    Spells: 10/10 levels left

rFire   . . .      SeeInvis +     - Unarmed
rCold   + . .      Faith    .   (no shield)
rNeg    + + +      Spirit   .   o - +2 swamp dragon scales
rPois   ∞          Reflect  +   m - +2 helmet
rElec   .          Harm     .   w - +0 cloak
rCorr   .          Rampage  .   (no gloves)
Will    .....                   e - +0 pair of boots
Stlth   +.........              B - amulet of reflection
HPRegen 0.00/turn               n - +4 ring of protection
MPRegen 0.15/turn               p - ring of see invisible

@: protected from physical damage, inhibited regen, repel missiles
A: claws 1, cold resistance 1, negative energy resistance 3, inhibited
regeneration, torment resistance 2
a: Renounce Religion, Upheaval, Elemental Force, Disaster Area


You were in a bailey.
You worshipped Qazlal.
Qazlal was extremely pleased with you.
You visited 1 branch of the dungeon, and saw 10 of its levels.
You also visited: Bailey.

You collected 480 gold pieces.

Inventory:

Hand Weapons
 a - the +8 spear of the Hidden Spirits {spect, rElec Int+4 Dex+3}
   (You found it on level 8 of the Dungeon)

   When its wielder attacks, the weapon's spirit leaps out and strikes again.
   The spirit shares a part of any damage it takes with its wielder.
   Int:       It affects your intelligence (+4).
   Dex:       It affects your dexterity (+3).
   rElec:     It insulates you from electricity.
Missiles
 C - 5 throwing nets (quivered)
Armour
 e - a +0 pair of boots (worn)
 m - a +2 helmet (worn)
 o - +2 swamp dragon scales (worn)
 w - a +0 cloak (worn)
Jewellery
 n - a +4 ring of protection (left claw)
 p - a ring of see invisible (right claw)
 B - an amulet of reflection (around neck)
 E - a +4 ring of evasion
Wands
 i - a wand of digging (15)
 x - a wand of iceblast (9)
 y - a wand of flame (7)
 D - a wand of charming (7)
Scrolls
 b - 3 scrolls of fog
 k - a scroll of torment {unknown}
 l - 3 scrolls of enchant weapon
 q - a scroll of teleportation
 t - 2 scrolls of magic mapping
 z - 2 scrolls of vulnerability {unknown}
 A - 2 scrolls of identify
Potions
 c - a potion of flight {unknown}
 d - 2 potions of attraction {unknown}
 f - a potion of brilliance
 g - a potion of haste {unknown}
 h - 5 potions of heal wounds
 j - 2 potions of cancellation {unknown}
 r - a potion of mutation {unknown}
 s - 3 potions of curing
 u - a potion of berserk rage {unknown}
 v - a potion of degeneration {unknown}


   Skills:
 + Level 9.5 Fighting
 * Level 3.5 Polearms
 + Level 7.2 Armour
 + Level 7.9 Dodging
 - Level 2.1 Stealth
 + Level 9.3 Unarmed Combat
 * Level 8.2 Invocations


You had 10 spell levels left.
You didn't know any spells.
Your spell library contained the following spells:

 Spells                   Type           Power      Damage    Failure   Level
 Animate Skeleton         Necr           0%         N/A       65%         1
 Apportation              Tloc           0%         N/A       65%         1
 Foxfire                  Conj/Fire      0%         2x1d4     65%         1
 Freeze                   Ice            0%         1d3       65%         1
 Magic Dart               Conj           0%         1d3       65%         1
 Slow                     Hex            0%         N/A       65%         1
 Summon Small Mammal      Summ           0%         N/A       65%         1
 Ensorcelled Hibernation  Hex/Ice        0%         N/A       78%         2
 Passwall                 Tmut/Erth      0%         N/A       78%         2
 Searing Ray              Conj           0%         2d4       78%         2
 Confusing Touch          Hex            0%         N/A       95%         3
 Conjure Flame            Conj/Fire      0%         6-21      95%         3
 Frozen Ramparts          Ice            0%         1d2       95%         3
 Gell's Gravitas          Tloc           0%         N/A       95%         3
 Ignite Poison            Fire/Tmut/Pois 0%         N/A       95%         3
 Inner Flame              Hex/Fire       0%         N/A       95%         3
 Swiftness                Air            0%         N/A       95%         3
 Teleport Other           Tloc           0%         N/A       95%         3
 Vampiric Draining        Necr           0%         2d6       95%         3
 Flame Wave               Conj/Fire      0%         2d4       100%        4
 Fulminant Prism          Conj/Hex       0%         3d6       100%        4
 Hailstorm                Conj/Ice       0%         3d3       100%        4
 Sticky Flame             Conj/Fire      0%         2d3       100%        4
 Fireball                 Conj/Fire      0%         3d3       100%        5
 Iskenderun's Battlesphe  Conj           0%         2d6       100%        5
 Conjure Ball Lightning   Conj/Air       0%         3x3d6     100%        6
 Dispersal                Tloc           0%         N/A       100%        6
 Orb of Destruction       Conj           0%         9d5       100%        7


Dungeon Overview and Level Annotations

Branches:
Dungeon (10/15)            Temple (0/1) D:6            Lair (0/6) D:9
    Orc (0/2) D:9          Bailey (1/1)

Altars:
Ashenzari
Dithmenos
Fedhas
Hepliaklqana
Nemelex Xobeh
Qazlal
Ru
Trog
Beogh

Shops:
D:1 ?


Innate Abilities, Weirdness & Mutations

You thrive by killing the living.
You are immune to poison.
You have sharp fingernails.
Your flesh is cold resistant. (rC+)
You are immune to negative energy. (rN+++)
You do not regenerate when monsters are visible.
You are immune to unholy pain and torment.


Message History

The orc warlord hits you with a +3 war axe!
You feel protected from physical attacks.
The orc warlord blocks your attack.
The orc warlord is lightly wounded.
The orc warlord hits you with a +3 war axe!
The orc warlord blocks your attack.
The orc warlord is lightly wounded.
The orc warlord hits you with a +3 war axe!
You feel more protected from physical attacks.
You barely miss the orc warlord.
The orc warlord is lightly wounded.
The orc warlord hits you with a +3 war axe!
You feel more protected from physical attacks.
You scratch the orc warlord.
The orc warlord is lightly wounded.
The orc warlord is engulfed in blazing flames.
The orc knight curses repeatedly.
Activating: Disaster Area (14% risk of failure)
Press: ? - help, Dir - look around, f - activate Nature churns violently around you!
The blast of magma engulfs the hobgoblin!!
You kill the hobgoblin!
Qazlal accepts your kill.
The blast of ice hits the orc warrior!!
You kill the orc warrior!
Qazlal accepts your kill.
The blast of ice hits the hobgoblin!!
You kill the hobgoblin!
Qazlal accepts your kill.
The orc warlord hits you with a +3 war axe!!!
* * * LOW HITPOINT WARNING * * *
You block the hobgoblin's attack.
The orc knight is engulfed in blazing flames.
Unknown command.
Unknown command.
Unknown command.
Okay, then.
You feel much better.
The orc warlord hits you with a +3 war axe!!!
You die...

#######..)..⌠.....#
##.....##.........##
#.......'.........'..
##.......##.......##..
#.........#.......# ..
##.........##.....##
#.....§°)...#######
#...○.)§..##
#....@°○..#
##..goo☼.## #..)°°..#
##).§..## ##o####
##)))..## #.).g...#
.... ##.......## ...#
#.........# ....


You could see an orc warlord (strong), an orc knight (strong), an orc warrior
(strong) and a hobgoblin.

Vanquished Creatures
  Harold (D:8)
  Erica (D:8)
  A two-headed ogre (D:9)
  A death yak (D:9)
  An orc knight (Bailey)
  An elephant (D:9)
  Maggie (D:8)
  A hornet (D:8)
  Prince Ribbit (D:8)
  Grinder (D:3)
  3 yaks (D:10)
  The ghost of thepacket the Chopper, an amateur HOFi of the Shining One (D:4)
  2 wyverns (D:8)
  A basilisk (D:9)
  2 acid dragons
  A water moccasin (D:7)
  Pargi (D:4)
  6 ice beasts
  6 ogres
  13 orc warriors
  A sky beast (D:6)
  3 black bears
  A necrophage (D:5)
  A centaur (D:7)
  2 bullfrogs (D:7)
  A scorpion (D:5)
  3 gnoll sergeants
  6 wights (D:7)
  A killer bee (D:8)
  An electric eel (D:8)
  A bullfrog zombie (D:7)
  4 centaur zombies
  2 hounds (D:7)
  2 jellies (D:6)
  A gnoll shaman (D:7)
  8 orc priests
  Crazy Yiuf (D:3)
  A bullfrog skeleton (D:7)
  3 centaur skeletons
  Jessica (D:2)
  14 orc wizards
  Natasha (thrice) (D:2)
  3 iguanas
  A killer bee zombie (D:8)
  A howler monkey zombie (D:8)
  Robin (D:3)
  26 gnolls
  8 adders
  2 shadow imps
  An ufetubus (D:6)
  A dart slug (D:3)
  58 orcs
  3 endoplasms
  A giant cockroach (D:1)
  22 goblins
  17 hobgoblins
  2 jackals (D:4)
  2 quokkas
  8 ball pythons
  6 bats
  2 frilled lizards
  11 kobolds
  6 rats
289 creatures vanquished.

Vanquished Creatures (others)
  A wizard (D:5)
  2 withered plants (D:4)
3 creatures vanquished.

Grand Total: 292 creatures vanquished

Notes
Turn   | Place    | Note
-------+----------+-------------------------------------------
     0 | D:1      | HallandMoats the Ghoul Monk began the quest for the Orb.
     0 | D:1      | Reached XP level 1. HP: 19/19 MP: 0/0
   141 | D:1      | Found a faded altar of an unknown god.
   149 | D:1      | Reached XP level 2. HP: 26/26 MP: 1/1
   151 | D:1      | Prayed at the altar of an unknown god.
   151 | D:1      | Became a worshipper of Qazlal Stormbringer
   151 | D:1      | Reached * piety under Qazlal
   151 | D:1      | Reached ** piety under Qazlal
   312 | D:1      | Reached *** piety under Qazlal
   698 | D:1      | Reached XP level 3. HP: 29/31 MP: 2/2
   756 | D:1      | Found Vizaf's Magic Scroll Emporium.
  1230 | D:2      | Reached skill level 1 in Armour
  1442 | D:2      | Reached skill level 1 in Invocations
  1442 | D:2      | Reached XP level 4. HP: 33/40 MP: 3/3
  1462 | D:2      | HP: 1/40 [gnoll (11)]
  2153 | D:2      | Noticed Jessica
  2157 | D:2      | Killed Jessica
  2158 | D:2      | Reached XP level 5. HP: 46/46 MP: 4/4
  2184 | D:2      | Noticed Natasha
  2203 | D:2      | Killed Natasha
  2334 | D:2      | Noticed Natasha
  2339 | D:2      | Killed Natasha
  2385 | D:2      | Noticed Natasha
  2390 | D:2      | Killed Natasha
  2460 | D:2      | Reached XP level 6. HP: 53/53 MP: 6/6
  2979 | D:3      | Found a broken altar of Ashenzari.
  3030 | D:3      | Noticed Robin
  3058 | D:3      | Reached **** piety under Qazlal
  3063 | D:3      | Killed Robin
  3230 | D:3      | Noticed Grinder
  3251 | D:3      | Paralysed by Grinder for 3 turns
  3259 | D:3      | Paralysed by Grinder for 5 turns
  3267 | D:3      | Killed Grinder
  3268 | D:3      | Reached skill level 5 in Fighting
  3268 | D:3      | Reached skill level 5 in Unarmed Combat
  3268 | D:3      | Reached XP level 7. HP: 43/61 MP: 7/7
  3378 | D:3      | You fall into a shaft and drop 2 floors!
  3378 | D:5      | Entered Level 5 of the Dungeon
  3413 | D:5      | Found a runed translucent door.
  3677 | D:5      | Found a sacrificial altar of Ru.
  3744 | D:5      | Reached XP level 8. HP: 39/69 MP: 9/9
  4187 | D:5      | Found a bloodstained altar of Trog.
  4189 | D:5      | Noticed a wizard
  4195 | D:5      | Killed a wizard
  4672 | D:4      | Noticed Pargi
  4682 | D:4      | Reached skill level 5 in Dodging
  4700 | D:4      | Killed Pargi
  4915 | D:4      | Found a runed translucent door.
  4915 | D:4      | Noticed thepacket's ghost (amateur HOFi)
  5336 | D:4      | Killed thepacket's ghost
  5524 | D:3      | Found a hazy altar of Hepliaklqana.
  5725 | D:3      | Found a runed translucent door.
  5726 | D:3      | Noticed Crazy Yiuf
  5920 | D:3      | Killed Crazy Yiuf
  5921 | D:3      | Reached XP level 9. HP: 78/78 MP: 10/10
  6155 | D:5      | Reached ***** piety under Qazlal
  6292 | D:6      | Found a staircase to the Ecumenical Temple.
  6319 | D:6      | Reached skill level 5 in Armour
  7033 | D:7      | Found a shadowy altar of Dithmenos.
  7306 | D:7      | Reached XP level 10. HP: 87/88 MP: 12/12
  7808 | D:7      | Reached skill level 5 in Invocations
  8092 | D:8      | Noticed Prince Ribbit
  8111 | D:8      | Killed Prince Ribbit
  8193 | D:8      | Found a blossoming altar of Fedhas.
  8218 | D:8      | Noticed Harold
  8243 | D:8      | Killed Harold
  8305 | D:8      | Noticed Maggie
  8319 | D:8      | Killed Maggie
  8439 | D:8      | Found a shadowy altar of Dithmenos.
  8441 | D:8      | Identified the +8 spear of the Hidden Spirits {spect, rElec
                  | Int+4 Dex+3}
  8578 | D:8      | Noticed Erica
  8605 | D:8      | Killed Erica
  8606 | D:8      | Reached skill level 1 in Polearms
  8606 | D:8      | Reached XP level 11. HP: 94/97 MP: 15/15
  8946 | D:9      | Found a sparkling altar of Nemelex Xobeh.
  8947 | D:9      | Found a staircase to the Orcish Mines.
  9416 | D:9      | Noticed a death yak
  9429 | D:9      | Killed a death yak
  9507 | D:9      | Found a staircase to the Lair.
  9508 | D:9      | Noticed a two-headed ogre
  9521 | D:9      | Killed a two-headed ogre
  9832 | D:10     | Entered Level 10 of the Dungeon
  9855 | D:10     | Found a flagged portal.
  9880 | Bailey   | Entered a bailey
  9931 | Bailey   | Reached ****** piety under Qazlal
  9987 | Bailey   | Noticed an orc knight
 10014 | Bailey   | Killed an orc knight
 10041 | Bailey   | Noticed an orc warlord
 10044 | Bailey   | Identified the ring "Birchavu" {Contam rN+ MP+9 Str+7}
 10044 | Bailey   | Noticed an orc knight
 10077 | Bailey   | HP: 2/97 [orc warlord (48)]
 10078 | Bailey   | Demolished by an orc warlord

Illustrated notes

Levels and vault maps discovered:
D:1:      lightli_arrival_boilingwater, layout_loops_ring,
          ebering_ecumenical_altar_abandoned, serial_shops, shop,
          bh_walls_and_bars
D:2:      layout_basic, uniq_jessica, uniq_natasha
D:3:      layout_rooms, nicolae_overflow_crystal_walls,
          mainiacjoe_overflow_six_doors_small, chequers_serial_rivers_micro_c,
          chequers_serial_rivers_room_b, kennysheep_generic_room_11, uniq_robin,
          uniq_grinder, uniq_crazy_yiuf_cottage
D:4:      layout_basic, gammafunk_ghost_grave, serial_glass, glass_columns_b,
          glass_columns_a, glass_columns_c, glass_columns_a, glass_columns_b,
          glass_columns_c, glass_columns_a, glass_columns_c,
          minmay_strange_pillars, item_on_display_a, uniq_pargi
D:5:      layout_layer_cave, mainiacjoe_overflow_concentric_impassable,
          trog_wizard, grunt_ministairs_12, lightli_church_of_beogh
D:6:      layout_loops_cross, minmay_temple_entry_drinking_statues,
          grunt_decor_mini_mirrors
D:7:      layout_rooms, nicolae_dithmenos_shadow_blocks, kennysheep_diamond,
          minmay_joined_circles
D:8:      layout_rooms, mainiacjoe_overflow_paths, fountainhead,
          minmay_ruined_shrine, uniq_maggie, uniq_harold, uniq_erica,
          uniq_prince_ribbit1
D:9:      layout_basic, mainiacjoe_overflow_surrounded_room, david_lair_generic,
          minmay_orc_entry_temple_small
D:10:     minmay_blocky_corners, layout_irregular_city,
          gammafunk_temple_overflow_statue, enter_bailey_2,
          gammafunk_ghost_nasty_kobolds
Bailey:   bailey_axe_minmay_hex_keep, bailey

Skill      XL: |  1  2  3  4  5  6  7  8  9 10 11 |
---------------+----------------------------------+-----
Dodging        | 3 4 5 6 7 |  7.9
Armour         | 1 2 3 4 5 6 7 |  7.2
Invocations    | 1 2 3 4 7 8 |  8.2
Fighting       | 4 5 6 7 9 |  9.5
Unarmed Combat | 4 5 6 7 9 |  9.3
Polearms       | 1 3 |  3.5
Stealth        | |  2.1

Action                   |  1- 3 |  4- 6 |  7- 9 | 10-12 || total
-------------------------+-------+-------+-------+-------++-------
Melee: Unarmed           |   105 |   133 |   405 |   434 ||  1077
       Punch             |       |     1 |    24 |    31 ||    56
Invok: Disaster Area     |       |       |       |     1 ||     1
  Use: Scroll            |       |       |     7 |     3 ||    10
       Potion            |       |       |       |     1 ||     1
 Stab: Sleeping          |     1 |       |       |       ||     1
Armor: Robe              |     9 |       |       |       ||     9
       Leather armour    |     4 |    12 |       |       ||    16
       Scale mail        |       |    24 |   181 |    68 ||   273
       Swamp dragon scal |       |       |       |    68 ||    68
Dodge: Dodged            |    45 |    60 |   248 |   200 ||   553
       Repelled          |       |       |     2 |     3 ||     5
Block: Other             |    12 |    20 |   116 |   183 ||   331
       Reflection        |       |       |       |     1 ||     1
